 Dungeon Crawl Stone Soup version 0.30-a0-159-g068b764562 (webtiles) character file.

Game seed: 9844362598279360937

15017 Flugkiller the Fighter (level 12, -7/88 (198) HPs)
             Began as an Ogre Reaver on Sept 27, 2022.
             Was an Elder of Uskayaw.
             Mangled by a black draconian knight
             ... wielding a +0 war axe
              (8 damage)
             ... on level 1 of the Abyss.
             The game lasted 00:31:49 (19528 turns).

Flugkiller the Fighter (Ogre Reaver)               Turns: 19528, Time: 00:31:50

HP:   -7/88 (198)   AC: 26    Str: 25    XL:     12   Next: 22%
MP:   12/25         EV:  1    Int: 18    God:    Uskayaw [****..]
Gold: 381           SH:  0    Dex:  7    Spells: 10/29 levels left

rFire   . . .      SeeInvis .      - Unarmed
rCold   . . .      Faith    .    (no shield)
rNeg    . . .      Spirit   .    (body armour currently unavailable)
rPois   +          Reflect  .    (helmet currently unavailable)
rElec   .          Harm     .    (cloak currently unavailable)
rCorr   .          Rampage  .    (gloves unavailable)
Will    +....      NoTele   +    (boots unavailable)
Stlth   +.........               y - amulet of magic regeneration
HPRegen 0.24/turn                f - ring "Equgh" {Str+6 Slay+3}
MPRegen 0.59/turn                (no ring)

@: tree-form, extremely drained
A: stationary, stasis, torment immunity, boosted hp, large, unfitting armour,
(tough skin 1)
a: Renounce Religion, Stomp, Line Pass


You were on level 1 of the Abyss.
You worshipped Uskayaw.
Uskayaw was noncommittal.
You were a tree.
You visited 2 branches of the dungeon, and saw 12 of its levels.
You visited the Abyss 1 time.

You collected 675 gold pieces.
You spent 294 gold pieces at shops.

Inventory:

Hand Weapons
 m - the +4 whip "Ennem" {holy, rElec}
   (You found it on level 3 of the Dungeon)

   It has been blessed by the Shining One to cause great damage to the undead
   and demons.
   rElec:     It insulates you from electricity.
Missiles
 n - 2 throwing nets
 C - 3 curare-tipped darts
Armour
 b - a +0 robe (melded)
 z - +0 acid dragon scales
   (You took it off Maggie on level 7 of the Dungeon)
 B - a +1 cloak (melded)
   (You found it on level 10 of the Dungeon)
Magical Staves
 s - a staff of earth
   (You took it off an orc on level 4 of the Dungeon)
Jewellery
 f - the ring "Equgh" (left branch) {Str+6 Slay+3}
   (You acquired it on level 9 of the Dungeon)

   [ring of strength]

   Str:       It affects your strength (+6).
   Slay:      It affects your accuracy & damage with ranged weapons and melee
   (+3).
 y - an amulet of magic regeneration (around neck)
   (You took it off a centaur warrior on level 10 of the Dungeon)
Wands
 c - a wand of roots (7)
   (You took it off Natasha on level 4 of the Dungeon)
 h - a wand of flame (20)
   (You found it on level 4 of the Dungeon)
Scrolls
 a - 2 scrolls of immolation
 e - 2 scrolls of amnesia
 k - 4 scrolls of enchant armour
 l - 2 scrolls of magic mapping
 p - a scroll of enchant weapon
 r - a scroll of identify
 t - a scroll of teleportation
 u - 2 scrolls of vulnerability
Potions
 d - a potion of lignification
 g - 2 potions of cancellation
 i - 3 potions of mutation
 j - 2 potions of flight
 q - 8 potions of curing
 v - 4 potions of attraction
 x - 2 potions of brilliance
 A - 3 potions of magic


   Skills:
 - Level 12.0 Fighting
 - Level 2.6 Maces & Flails
 - Level 1.7 Dodging
 + Level 6.8 Unarmed Combat
 - Level 9.0 Spellcasting
 - Level 5.0 Conjurations
 + Level 9.0 Transmutations
 - Level 6.0 Poison Magic
 - Level 4.0 Evocations


You had 10 spell levels left.
You knew the following spells:

 Your Spells              Type           Power      Damage    Failure   Level
a - Kiss of Death         Conj/Necr      68%        2d10      3%          1
b - Volcanic Tap          Conj/Fire/Erth 28%        3d9       7%          2
c - Hailstorm             Conj/Ice       17%        3d6       10%         3
d - Sting                 Tmut/Pois      100%       1d8       1%          1
e - Spider Form           Tmut/Pois      35%        N/A       1%          3
f - Olgreb's Toxic Radia  Pois           29%        N/A       8%          4
g - Blade Hands           Tmut           20%        N/A       6%          5

Your spell library contained the following spells:

 Spells                   Type           Power      Damage    Failure   Level
 Passwall                 Tmut/Erth      20%        N/A       1%          2
 Poisonous Vapours        Pois/Air       36%        N/A       3%          2
 Ignite Poison            Fire/Tmut/Pois 26%        N/A       3%          3
 Static Discharge         Conj/Air       34%        2-4/arc   4%          2
 Cigotuvi's Dreadful Rot  Necr/Pois/Air  30%        N/A       6%          2
 Apportation              Tloc           16%        N/A       9%          1
 Sandblast                Erth           16%        2d6       9%          1
 Summon Small Mammal      Summ           32%        N/A       9%          1
 Dazzling Flash           Conj/Hex       34%        N/A       10%         3
 Stone Arrow              Conj/Erth      34%        3d9       10%         3
 Alistair's Intoxication  Tmut/Pois      23%        N/A       11%         5
 Call Imp                 Summ           8%         N/A       13%         2
 Airstrike                Air            4%         2d(1-17)  65%         4
 Summon Lightning Spire   Summ/Air       8%         N/A       65%         4
 Arcjolt                  Conj/Air       8%         1d18      65%         5
 Lightning Bolt           Conj/Air       8%         1d21      65%         5
 Dragon Form              Tmut           20%        N/A       87%         7
 Agony                    Necr           8%         N/A       94%         5
 Silence                  Hex/Air        4%         N/A       94%         5
 Summon Cactus Giant      Summ           4%         N/A       100%        6
 Maxwell's Capacitive Co  Air            4%         ∞         100%        8


Dungeon Overview and Level Annotations

Branches:
Dungeon (11/15) Zot: 25170  Temple (1/1) D:5 Zot: 5904    Lair (0/5) D:9
    Orc: D:9-12

Altars:
Ashenzari
Cheibriados
Dithmenos
Elyvilon
Fedhas
Gozag
Hepliaklqana
Kikubaaqudgha
Makhleb
Nemelex Xobeh
Okawaru
Qazlal
Ru
Sif Muna
Trog
Uskayaw
Vehumet
Wu Jian
Xom
Yredelemnul
Zin
The Shining One

Shops:
D:1 [   D:3 !

Annotations:
D:6 1 runed translucent door, exclusion: downstairs
D:11 Erolcha


Innate Abilities, Weirdness & Mutations

You are a tree.
Your roots penetrate the ground, keeping you stationary.
You cannot be teleported.
You are immune to unholy pain and torment.
Your maximum health is greatly increased.
Your equipment is partially melded.
You are too large for most types of armour.
((You have tough skin. (AC +1)))


Message History

Aiming: Kiss of Death (safe; 3% risk of failure)
Press: ? - help, Shift-Dir - straight line The negative energy hits something but does no damage.
You feel drained.
Your toxic aura wanes.
Something hits you but does no damage.
Casting: Kiss of Death (safe; 3% risk of failure)
Confirm with . or Enter, or press ? or * to list all spells.
Aiming: Kiss of Death (safe; 3% risk of failure)
Press: ? - help, Shift-Dir - straight line, f - you
Okay, then.
Casting: Kiss of Death (safe; 3% risk of failure)
Confirm with . or Enter, or press ? or * to list all spells.
Aiming: Kiss of Death (safe; 3% risk of failure)
Press: ? - help, Shift-Dir - straight line The negative energy hits something.
You feel drained. Something hits you but does no damage. Something hits you!
* * * LOW HITPOINT WARNING * * *
A starcursed mass comes into view.
The ynoxinul gestures.
Casting: Kiss of Death (safe; 3% risk of failure)
Confirm with . or Enter, or press ? or * to list all spells.
Aiming: Kiss of Death (safe; 3% risk of failure)
Press: ? - help, Shift-Dir - straight line The negative energy hits something.
You feel drained.
The ynoxinul is no longer sharing its pain.
You hear some strange, mumbled words.
A bolt of cold appears from out of thin air!
The bolt of cold hits you.
The ynoxinul gestures.
Unknown command.
You cannot move.
Unknown command.
Casting: Kiss of Death (safe; 3% risk of failure)
Confirm with . or Enter, or press ? or * to list all spells.
You begin to radiate toxic energy.
The ufetubus is poisoned.
The ufetubus looks even sicker.
You hear some strange, mumbled words.
A bolt of cold appears from out of thin air!
The bolt of cold hits you.
* * * LOW HITPOINT WARNING * * *
Something hits you.
* * * LOW HITPOINT WARNING * * *
A starcursed mass splits.
The ynoxinul gestures.
Unknown command.
Casting: Olgreb's Toxic Radiance (dangerous; 8% risk of failure)
Confirm with . or Enter, or press ? or * to list all spells.
Aiming: Kiss of Death (safe; 3% risk of failure)
Press: ? - help, Shift-Dir - straight line The negative energy hits something but does no damage.
You feel drained.
The ufetubus is poisoned.
You kill the ufetubus!
The ufetubus disappears in a puff of smoke!
Your toxic aura wanes.
Something hits you but does no damage. A chorus of shrieks assaults your mind.
* * * LOW HITPOINT WARNING * * *
You can now merge with and destroy a victim.
You cannot move.
Aiming: Fastroot
Press: ? - help, Shift-Dir - straight line The roots erupt in riotous growth!
Roots grab the starcursed mass. x2
The ufetubus shouts!
The grasping roots constrict the starcursed mass. x2
You hear a shout! x2
The starcursed mass shudders and is absorbed by its neighbour.
The roots lose their grip on the starcursed mass.
Something hits you but does no damage. x2; A starcursed mass splits.
Roots grab the starcursed mass.
The ufetubus hits you but does no damage.
The ufetubus hits you.
* * * LOW HITPOINT WARNING * * *
A tentacled monstrosity comes into view.
Unknown command.
You cannot move.
Unknown command.
Okay, then.
You stomp with the beat, sending a shockwave through the revellers around you!
The ufetubus is almost dead.
You can no longer merge with and destroy a victim.
The grasping roots constrict the starcursed mass, but do no damage. x2
The roots release their grip on the starcursed mass. x2
Something hits you but does no damage.
The ufetubus hits you but does no damage. x2
A chorus of shrieks assaults your mind.
* * * LOW HITPOINT WARNING * * *
You stomp with the beat, sending a shockwave through the revellers around you!
You kill the ufetubus!
The ufetubus disappears in a puff of smoke!
The ynoxinul is moderately wounded.
A bolt of lightning appears from out of thin air!
The bolt of lightning hits you!
* * * LOW HITPOINT WARNING * * *
The bolt of lightning hits the ufetubus!!
The ufetubus dies!
The ufetubus disappears in a puff of smoke!
Something hits you!
You die...

## #### ##
#.## # # ##
#.# ## .### #
..# # # #
####. ## #§# #
#.#§♣#. # #
..##5§3#{.## #
..#5X##.##X..#
. # 4#
##.##.##.####
. ># # .
###..## # # .
# #.# # # #. #
...# .x # .


You could see a starcursed mass, a tentacled monstrosity, a ynoxinul and 2
ufetubi.

Vanquished Creatures
  A boulder beetle (D:11)
  A centaur warrior (D:10)
  A two-headed ogre (D:8)
  Erica (D:8)
  Sonja (D:10)
  Pikel (D:4)
  A deep elf pyromancer (D:9)
  A manticore (D:11)
  A cyclops (D:11)
  A gargoyle (D:11)
  Maggie (D:7)
  A komodo dragon (D:9)
  A freezing wraith (Abyss:1)
  2 ancient zymes (Abyss:1)
  Grinder (D:5)
  Sigmund (D:5)
  2 shadows
  A wraith (D:10)
  24 yaks
  3 vampires
  3 wyverns
  A golden eye (Abyss:1)
  Eustachio (D:6)
  A chaos spawn (Abyss:1)
  A steam dragon (D:9)
  2 small abominations (Abyss:1)
  A black bear (D:5)
  2 sky beasts
  An orc warrior (D:9)
  An ice beast (D:8)
  2 ogres
  8 centaurs
  2 lemures (D:3)
  4 kobold brigands
  2 gnoll sergeants
  A bullfrog (D:7)
  3 necrophages
  15 killer bees
  2 howler monkeys (D:10)
  A quasit (Abyss:1)
  4 orc priests
  2 jellies (D:6)
  5 iguanas
  5 orc wizards
  Natasha (twice) (D:4)
  21 gnolls
  4 adders
  An ufetubus (D:6)
  5 dart slugs
  28 orcs
  6 ball pythons
  3 bats
  4 endoplasms
  2 giant cockroaches
  6 hobgoblins
  4 jackals (D:1)
  21 kobolds
  3 quokkas
  8 goblins
  7 rats
242 creatures vanquished.

Vanquished Creatures (others)
  Prince Ribbit (D:7)
  Menkaure (D:4)
  A black bear (D:6)
  A human (D:3)
  A bullfrog (D:7)
  A killer bee (D:6)
  Natasha (D:4)
  3 adders
  A shadow imp (D:7)
  A white imp (D:7)
  A worm (D:3)
  A ball python (D:4)
  5 fungi (D:3)
  7 plants
26 creatures vanquished.

Grand Total: 268 creatures vanquished

Notes
Turn   | Place    | Note
-------+----------+-------------------------------------------
     0 | D:1      | Flugkiller the Ogre Reaver began the quest for the Orb.
     0 | D:1      | Reached XP level 1. HP: 22/22 MP: 3/3
    78 | D:1      | Reached XP level 2. HP: 12/29 MP: 1/5
   718 | D:1      | Found a faded altar of an unknown god.
   743 | D:1      | Reached XP level 3. HP: 6/31 MP: 5/7
   998 | D:1      | Learned a level 2 spell: Volcanic Tap
  1002 | D:1      | Learned a level 3 spell: Hailstorm
  1024 | D:1      | Found Ypafolus's Armour Boutique.
  2476 | D:3      | Reached XP level 4. HP: 20/44 MP: 6/9
  3133 | D:3      | Found a blossoming altar of Fedhas.
  3316 | D:3      | Identified the +4 whip "Ennem" {holy, rElec}
  3656 | D:3      | Noticed Grinder
  3657 | D:3      | Paralysed by Grinder for 4 turns
  3663 | D:3      | Paralysed by Grinder for 2 turns
  3931 | D:3      | Identified 2 scrolls of acquirement
  3931 | D:3      | Acquired Juguosad's Spellbook of Creative Transmigration
  3991 | D:3      | Learned a level 1 spell: Sting
  4124 | D:3      | Found an ancient bone altar of Kikubaaqudgha.
  4137 | D:3      | Reached skill level 3 in Fighting
  4137 | D:3      | Reached XP level 5. HP: 40/53 MP: 2/11
  4140 | D:3      | Noticed a human
  4141 | D:3      | Killed a human
  4374 | D:3      | Found Ehedeet's Distillery.
  4384 | D:3      | Bought a potion of lignification for 42 gold pieces
  4384 | D:3      | Bought a potion of heal wounds for 70 gold pieces
  4446 | D:3      | Reached skill level 1 in Transmutations
  4446 | D:3      | Reached skill level 1 in Poison Magic
  4587 | D:4      | Noticed Menkaure
  4591 | D:4      | Killed Menkaure
  4612 | D:4      | You fall into a shaft and drop 1 floor!
  4612 | D:5      | Entered Level 5 of the Dungeon
  4612 | D:5      | Found a staircase to the Ecumenical Temple.
  4616 | Temple   | Entered the Ecumenical Temple
  4699 | Temple   | Became a worshipper of Uskayaw the Reveller
  4814 | D:4      | Reached * piety under Uskayaw
  5034 | D:4      | Noticed Natasha
  5042 | D:4      | Killed Natasha
  5042 | D:4      | Reached ** piety under Uskayaw
  5043 | D:4      | Reached XP level 6. HP: 62/62 MP: 6/12
  5155 | D:4      | Noticed Natasha
  5159 | D:4      | Killed Natasha
  5309 | D:4      | Noticed Pikel
  5351 | D:3      | Reached skill level 4 in Fighting
  5977 | D:4      | Killed Pikel
  5978 | D:4      | Reached XP level 7. HP: 4/71 MP: 0/13
  6307 | D:4      | Noticed Natasha
  6318 | D:4      | Killed Natasha
  6319 | D:4      | Reached skill level 5 in Fighting
  6319 | D:4      | Reached skill level 5 in Conjurations
  6527 | D:5      | Learned a level 3 spell: Spider Form
  6958 | D:5      | Reached skill level 1 in Evocations
  7097 | D:5      | Reached XP level 8. HP: 80/80 MP: 4/14
  7116 | D:5      | Reached skill level 1 in Unarmed Combat
  7219 | D:5      | Noticed Sigmund
  7297 | D:5      | Killed Sigmund
  7457 | D:5      | Paralysed by Grinder for 5 turns
  7472 | D:5      | Paralysed by Grinder for 4 turns
  7482 | D:5      | Killed Grinder
  7483 | D:5      | Reached skill level 5 in Spellcasting
  7625 | D:3      | Bought 2 potions of lignification for 84 gold pieces
  7625 | D:3      | Bought a potion of curing for 42 gold pieces
  7625 | D:3      | Bought a potion of brilliance for 56 gold pieces
  8322 | D:6      | Reached *** piety under Uskayaw
  8776 | D:6      | Found a runed translucent door.
  8784 | D:6      | Noticed Eustachio
  8805 | D:6      | Killed Eustachio
  9093 | D:6      | Found a burning altar of Makhleb.
  9474 | D:7      | Reached XP level 9. HP: 45/88 MP: 9/18
  9833 | D:7      | Noticed Maggie
 10006 | D:7      | Reached skill level 5 in Poison Magic
 10267 | D:7      | Learned a level 4 spell: Olgreb's Toxic Radiance
 10383 | D:7      | Killed Maggie
 10704 | D:7      | Noticed Prince Ribbit
 10732 | D:7      | Killed Prince Ribbit
 10733 | D:7      | Reached skill level 6 in Fighting
 10951 | D:7      | Reached skill level 7 in Fighting
 11157 | D:8      | Noticed a two-headed ogre
 11708 | D:8      | Noticed Erica
 12445 | D:8      | Killed a two-headed ogre
 12446 | D:8      | Reached skill level 8 in Fighting
 12446 | D:8      | Reached XP level 10. HP: 72/106 MP: 2/20
 12891 | D:8      | Identified the +1 robe "Qeceokk" {rN++ Str-2 SInv}
 13343 | D:8      | Killed Erica
 13344 | D:8      | Reached skill level 9 in Fighting
 13486 | D:8      | Found an iron altar of Okawaru.
 13495 | D:8      | Found a hazy altar of Hepliaklqana.
 13569 | D:9      | Reached skill level 5 in Transmutations
 14203 | D:9      | Reached skill level 10 in Fighting
 14573 | D:9      | Found a staircase to the Lair.
 14860 | D:9      | Noticed a deep elf pyromancer
 14867 | D:9      | Killed a deep elf pyromancer
 14868 | D:9      | Reached XP level 11. HP: 107/119 MP: 8/23
 14929 | D:9      | Reached **** piety under Uskayaw
 15511 | D:10     | Entered Level 10 of the Dungeon
 15580 | D:9      | Learned a level 5 spell: Blade Hands
 15580 | D:9      | Acquired the ring "Equgh" {Str+6 Slay+3}
 15757 | D:10     | Found a shadowy altar of Dithmenos.
 15934 | D:10     | Reached skill level 11 in Fighting
 16434 | D:10     | Reached ***** piety under Uskayaw
 16986 | D:10     | Noticed a centaur warrior
 17051 | D:10     | Noticed Sonja
 17059 | D:10     | Killed Sonja
 17504 | D:11     | Reached skill level 12 in Fighting
 17725 | D:11     | Reached skill level 5 in Unarmed Combat
 17741 | D:11     | Reached ****** piety under Uskayaw
 18098 | D:11     | Noticed a cyclops
 18142 | D:11     | Killed a cyclops
 18408 | D:11     | Found a basalt altar of Yredelemnul.
 18425 | D:11     | Noticed a boulder beetle
 18436 | D:11     | Killed a boulder beetle
 18528 | D:11     | Noticed a manticore
 18541 | D:11     | Killed a manticore
 18542 | D:11     | Reached XP level 12. HP: 71/132 MP: 5/25
 18887 | D:10     | Killed a centaur warrior
 19100 | D:11     | Noticed Erolcha
 19184 | Abyss:1  | Found a corrupted altar of Lugonu.
 19184 | Abyss:1  | Cast into level 1 of the Abyss (Erolcha)
 19509 | Abyss:1  | Noticed a black draconian knight
 19522 | Abyss:1  | Noticed a starcursed mass
 19527 | Abyss:1  | Noticed a tentacled monstrosity
 19528 | Abyss:1  | HP: 1/88 [something/bolt of lightning (15)]
 19528 | Abyss:1  | Mangled by a black draconian knight

Illustrated notes

Levels and vault maps discovered:
D:1:      kennysheep_arrival_seaside, layout_loops_ring, serial_forest,
          infiniplex_forest_end_3, infiniplex_forest_clump_double,
          infiniplex_forest_side_room, infiniplex_forest_lined_2,
          infiniplex_forest_diagonal, infiniplex_forest_clump_double,
          infiniplex_forest_straight_4, nicolae_ecumenical_snake_handling,
          serial_shops, nicolae_shop_trees
D:2:      layout_basic
D:3:      layout_loops_ring, tgw_kikubaaqudgha, fedhas_altar_3, serial_shops,
          nicolae_lakefront_shop, uniq_grinder
D:4:      layout_basic, uniq_menkaure, uniq_pikel, uniq_natasha
D:5:      layout_gridville, minmay_temple_entry_mist, grunt_ministairs_3,
          uniq_sigmund
D:6:      layout_loops_corners, old_standard_altar, lightli_church_of_beogh,
          uniq_eustachio
D:7:      layout_rooms, uniq_maggie, uniq_prince_ribbit1
D:8:      layout_loops_corners, mainiacjoe_overflow_swirl, uniq_erica
D:9:      layout_irregular_city, david_lair_shrubbed, guppyfry_early_elven_hall
D:10:     layout_loops_cross, mainiacjoe_overflow_catwalk,
          kennysheep_island_fort, uniq_sonja
D:11:     nicolae_cairo_tiling_large_dashed, layout_loops_ring,
          yredelemnul_altar_generic, uniq_erolcha
Temple:   nicolae_temple_superstar
Abyss:1:  base: D:5, hangedman_cross_veins

Skill      XL: |  1  2  3  4  5  6  7  8  9 10 11 12 |
---------------+-------------------------------------+-----
Conjurations   | 3 4 5 |  5.0
Spellcasting   | 3 4 6 7 8 9 |  9.0
Fighting       | 3 4 5 8 10 12 | 12.0
Transmutations | 1 2 3 4 6 8 9 |  9.0
Poison Magic   | 1 2 3 4 6 |  6.0
Evocations     | 2 3 4 |  4.0
Unarmed Combat | 3 5 6 |  6.8
Maces & Flails | |  2.6
Dodging        | |  1.7

Action                   |  1- 3 |  4- 6 |  7- 9 | 10-12 || total
-------------------------+-------+-------+-------+-------++-------
Melee: Mace              |     2 |       |       |       ||     2
       Flail             |    94 |    99 |       |       ||   193
       Punch             |       |     1 |       |     1 ||     2
       Whip              |       |    37 |    35 |    15 ||    87
       Unarmed           |       |       |    90 |   117 ||   207
 Cast: Kiss of Death     |     2 |     3 |     1 |     4 ||    10
       Volcanic Tap      |     2 |    13 |    23 |     5 ||    43
       Hailstorm         |       |     9 |    44 |     7 ||    60
       Sting             |       |     8 |    18 |     6 ||    32
       Spider Form       |       |       |    18 |    10 ||    28
       Olgreb's Toxic Ra |       |       |    25 |    83 ||   108
       Blade Hands       |       |       |       |    15 ||    15
Invok: Stomp             |       |       |       |     2 ||     2
Evoke: Wand              |       |     3 |    10 |    20 ||    33
  Use: Potion            |     1 |     4 |     2 |     5 ||    12
       Scroll            |       |     9 |     6 |     8 ||    23
 Stab: Paralysed         |       |       |     2 |     6 ||     8
Armor: Robe              |    31 |    34 |    11 |    10 ||    86
       Skin              |       |       |     6 |    20 ||    26
Dodge: Dodged            |    54 |    58 |   123 |   104 ||   339

Table legend: (Time is in decaauts)
 A = Elapsed time spent in this place.
 B = Non-inter-level travel time spent in this place.
 C = Inter-level travel time spent in this place.
 D = Time resting spent in this place.
 E = Time spent auto-exploring this place.
 F = Levels seen in this place.
 G = Mean time per level.
                   A        B        C        D        E       F      G
               +--------+--------+--------+--------+--------+-----+--------+
         Total |  19608 |  18937 |    671 |   9240 |   6418 |  13 | 1508.3 |
       Dungeon |  19169 |  18509 |    660 |   9025 |   6353 |  11 | 1742.6 |
        Temple |     95 |     84 |     11 |      0 |     65 |   1 |   95.0 |
         Abyss |    343 |    343 |      0 |    215 |      0 |   1 |  343.0 |
               +--------+--------+--------+--------+--------+-----+--------+

Top non-repeatable levels by time:
     D:8: 2424 daAuts
     D:9: 2284 daAuts
    D:10: 2141 daAuts
     D:6: 2114 daAuts
     D:3: 2037 daAuts
     D:1: 1597 daAuts
     D:4: 1589 daAuts
     D:5: 1379 daAuts
     D:2: 1262 daAuts
     D:7: 1238 daAuts
    D:11: 1098 daAuts
 Abyss:1: 343 daAuts
  Temple: 95 daAuts
